 Dungeon Sprint DCSS version 0.31-a0-986-g5e6e4ef867 (webtiles) character file.

Game seed: 13715357731571214499

11459 sircluck the Brawler (level 11, -5/127 HPs)
             Began as a Troll Berserker on Nov 10, 2023.
             Was the Champion of Trog.
             Slain by a vampire knight
             ... wielding a +0 great mace
              (32 damage)
             ... while paralysed by a vampire knight
             ... in the Dungeon (Sprint VII: "The Pits") on Nov 13, 2023.
             The game lasted 00:06:00 (1386 turns).

sircluck the Brawler (Troll Berserker)              Turns: 1386, Time: 00:06:01

Health: -5/127     AC:  6    Str: 31    XL:     11   Next: 49%
Magic:  10/10      EV:  1    Int:  3    God:    Trog [******]
Gold:   0          SH:  0    Dex: 15    Spells: 10/10 levels left

rFire   . .          .
                       - Unarmed
rCold   . . .        (no shield)
rNeg    . . .        g - +0 troll leather armour
rPois   .            (helmet restricted)
rElec   .            (no cloak)
rCorr   .            (gloves unavailable)
SInv    .            (boots unavailable)
Will    .....        (no amulet)
Stlth   +            l - +3 ring of dexterity
HPRegen 2.01/turn    m - +3 ring of dexterity
MPRegen 0.12/turn

%: no teleportation
@: paralysed, lethally poisoned (-5 -> -5)
A: large, unfitting armour, claws 3, regeneration 1, shaggy fur 1, tough skin 1
a: Renounce Religion, Berserk, Trog's Hand, Brothers in Arms


You were in the Dungeon.
You worshipped Trog.
Trog was exalted by your worship.
You visited 1 branch

Inventory:

Armour
 a - a +0 animal skin
 g - a +0 troll leather armour (worn)
Jewellery
 l - a +3 ring of dexterity (left claw)
 m - a +3 ring of dexterity (right claw)
Wands
 k - a wand of light (4)
Scrolls
 i - 2 scrolls of vulnerability
 j - a scroll of butterflies
Potions
 b - 7 potions of curing
 c - 12 potions of heal wounds
 d - 2 potions of haste
 e - 4 potions of magic
 f - 3 potions of berserk rage
 h - 2 potions of invisibility
 n - a potion of mutation
 o - a potion of might


   Skills:
 + Level 13.3 Fighting
 + Level 10.3 Armour
 + Level 13.2 Dodging
 + Level 15.6 Unarmed Combat


You had 10 spell levels left.
You didn't know any spells.
Your spell library was empty.

Dungeon Overview and Level Annotations

Branches:
Dungeon (1/1)

Altars:
Ashenzari
Cheibriados
Dithmenos
Elyvilon
Fedhas
Gozag
Hepliaklqana
Kikubaaqudgha
Makhleb
Nemelex Xobeh
Okawaru
Qazlal
Ru
Sif Muna
Trog
Uskayaw
Vehumet
Wu Jian
Xom
Yredelemnul
Zin
The Shining One
Jiyva
Lugonu


Innate Abilities, Weirdness & Mutations

You are too large for most types of armour.
You have claws for hands.
Your natural rate of healing is unusually fast.
You are covered in fur. (AC +1)
You have tough skin. (AC +1)


Message History

The gnoll sergeant hits you but does no damage.
Something hits your troll.
Unknown command.
Unknown command.
Unknown command.
Unknown command.
You scratch the vampire knight but do no damage.
The vampire knight is lightly damaged.
Your troll bites the gnoll.
Your troll claws the gnoll!!
The gnoll dies!
Trog accepts your kill.
Unknown command.
Unknown command.
Unknown command.
Unknown command.
You claw the vampire knight!
The vampire knight is moderately damaged.
You feel sick. Something barely misses your troll.
The gnoll sergeant hits you from afar with a +0 trident.
The vampire knight points at you and mumbles some strange words.
You suddenly lose the ability to move!
Your troll bites the gnoll sergeant!
The gnoll sergeant blocks your troll's attack.
Your troll claws the gnoll sergeant!
You feel sick.
The gnoll sergeant blocks your troll's attack.
Your troll claws the gnoll sergeant. x2
The gnoll sergeant dies!
Trog accepts your kill.
The vampire knight hits you with a +0 great mace!
* * * LOW HITPOINT WARNING * * *
The vampire knight bites you.
* * * LOW HITPOINT WARNING * * *
The vampire knight draws strength from your injuries!
The gnoll closely misses your troll. Something hits your troll.
You feel sick.
Your troll bites the gnoll!
The gnoll dies!
Trog accepts your kill. The blink frog hits your troll!!
The vampire knight hits you with a +0 great mace!!
You die...

.....+ .....# .....#
###### # ######## #####
# ##......###.†.##
###..#'#......)..##
##..##÷##.....#V..#
##.##...##...###@.#
####.....##.##.##T#
)##÷)....#...#.#.gF#
.)'.)÷...)†..'.'...'.
.##)...).#...#.#...#..
####.....##.##.##.###...
##.##)..##...###..# #..
##..##)##.....#...# #.
###..#'#.........


You could see a vampire knight, a blink frog (ally target), a gnoll and a
friendly troll (summoned, berserk).

Vanquished Creatures
  Josephine (D)
  A great orb of eyes (D)
  Harold (D)
  A boulder beetle (D)
  An orc sorcerer (D)
  A black mamba (D)
  A smoke demon (D)
  A hellwing (D)
  A glass eye (D)
  4 blink frogs (D)
  A flying skull (D)
  A large abomination (D)
  3 wraiths (D)
  A ynoxinul (D)
  A chaos spawn (D)
  A redback (D)
  A vampire mosquito (D)
  A small abomination (D)
  A water moccasin (D)
  An orc warrior (D)
  A kobold brigand (D)
  A gnoll sergeant (D)
  5 wights (D)
  A jelly (D)
  Ijyb (D)
  A hell rat (D)
  6 gnolls (D)
  2 river rats (D)
  2 ufetubi (D)
  An orc (D)
  A goblin (D)
  A hobgoblin (D)
  4 jackals (D)
  2 quokkas (D)
  3 ball pythons (D)
  A ball python skeleton (D)
  2 rats (D)
60 creatures vanquished.

Vanquished Creatures (collateral kills)
  A centaur warrior (D)
  A lindwurm (D)
  An orc knight (D)
  A deep elf zephyrmancer (D)
  A smoke demon (D)
  An efreet (D)
  A hellwing (D)
  A troll (D)
  4 blink frogs (D)
  2 ynoxinuls (D)
  2 wraiths (D)
  A vampire mosquito (D)
  3 orc warriors (D)
  A gnoll sergeant (D)
  An orc wizard (D)
  2 gnolls (D)
  An orc (D)
25 creatures vanquished.

Vanquished Creatures (others)
  A wolf (D)
1 creature vanquished.

Grand Total: 86 creatures vanquished

Notes
Turn   | Place    | Note
-------+----------+-------------------------------------------
     0 | D        | sircluck the Troll Berserker began the quest for the Orb.
     0 | D        | Reached XP level 1. HP: 22/22 MP: 0/0
    19 | D        | Reached ** piety under Trog
    24 | D        | Found a bloodstained altar of Trog.
    24 | D        | Found a shimmering blue altar of Sif Muna.
    24 | D        | Found a viscous altar of Jiyva.
    24 | D        | Found a hazy altar of Hepliaklqana.
    24 | D        | Found an opulent altar of Gozag.
    25 | D        | Found a glowing golden altar of the Shining One.
    25 | D        | Found a glowing silver altar of Zin.
    25 | D        | Found a basalt altar of Yredelemnul.
    25 | D        | Found a shimmering altar of Xom.
    25 | D        | Found an ornate altar of the Wu Jian Council.
    25 | D        | Found a sacrificial altar of Ru.
    25 | D        | Found a stormy altar of Qazlal.
    25 | D        | Found an iron altar of Okawaru.
    25 | D        | Found a sparkling altar of Nemelex Xobeh.
    25 | D        | Found a burning altar of Makhleb.
    25 | D        | Found a blossoming altar of Fedhas.
    25 | D        | Found a white marble altar of Elyvilon.
    25 | D        | Found a shadowy altar of Dithmenos.
    25 | D        | Found a snail-covered altar of Cheibriados.
    29 | D        | Found a corrupted altar of Lugonu.
    29 | D        | Found a radiant altar of Vehumet.
    30 | D        | Found a broken altar of Ashenzari.
    30 | D        | Found an ancient bone altar of Kikubaaqudgha.
    30 | D        | Found a hide-covered altar of Uskayaw.
    82 | D        | Reached XP level 2. HP: 14/31 MP: 1/1
   100 | D        | Noticed a glass eye
   105 | D        | Reached *** piety under Trog
   106 | D        | Reached skill level 4 in Unarmed Combat
   125 | D        | Killed a glass eye
   126 | D        | Reached skill level 7 in Unarmed Combat
   126 | D        | Reached XP level 3. HP: 44/44 MP: 2/2
   126 | D        | Reached XP level 4. HP: 52/52 MP: 3/3
   126 | D        | Reached XP level 5. HP: 59/59 MP: 4/4
   295 | D        | Reached **** piety under Trog
   300 | D        | Reached XP level 6. HP: 57/68 MP: 5/5
   354 | D        | Noticed a flying skull
   360 | D        | Killed a flying skull
   361 | D        | Reached skill level 8 in Unarmed Combat
   364 | D        | Reached skill level 9 in Unarmed Combat
   366 | D        | Reached ***** piety under Trog
   374 | D        | Reached XP level 7. HP: 70/79 MP: 6/6
   392 | D        | Reached skill level 10 in Unarmed Combat
   424 | D        | Reached ****** piety under Trog
   424 | D        | Received a gift from Trog
   436 | D        | Noticed Ijyb
   451 | D        | Killed Ijyb
   535 | D        | Reached skill level 1 in Armour
   591 | D        | Noticed a chaos spawn
   596 | D        | Reached XP level 8. HP: 92/92 MP: 7/7
   599 | D        | Received a gift from Trog
   693 | D        | Noticed a blink frog
   712 | D        | Killed a blink frog
   713 | D        | Reached skill level 11 in Unarmed Combat
   718 | D        | Noticed a blink frog
   718 | D        | Noticed a blink frog
   719 | D        | Noticed a blink frog
   735 | D        | Killed a blink frog
   736 | D        | Killed a blink frog
   742 | D        | Killed a blink frog
   758 | D        | Noticed a great orb of eyes
   781 | D        | Killed a great orb of eyes
   781 | D        | Identified the +2 great sword of Righteous Anger {flame,
                  | rF+} (Trog gifted it to you in the Dungeon)
   781 | D        | Received a gift from Trog
   782 | D        | Reached skill level 10 in Fighting
   782 | D        | Reached skill level 5 in Armour
   782 | D        | Reached skill level 10 in Dodging
   782 | D        | Reached skill level 12 in Unarmed Combat
   782 | D        | Reached XP level 9. HP: 69/102 MP: 8/8
   861 | D        | Noticed a lindwurm
   861 | D        | Noticed an efreet
   861 | D        | Noticed a boulder beetle
   861 | D        | Noticed an orc sorcerer
   866 | D        | Killed a lindwurm
   868 | D        | Killed an efreet
   876 | D        | Killed an orc sorcerer
   877 | D        | Reached skill level 13 in Unarmed Combat
   921 | D        | Killed a boulder beetle
   922 | D        | Reached XP level 10. HP: 102/114 MP: 9/9
   943 | D        | Noticed a smoke demon
   950 | D        | Received a gift from Trog
   953 | D        | Killed a smoke demon
   954 | D        | Noticed Josephine
   959 | D        | Noticed a deep elf zephyrmancer
   962 | D        | Killed Josephine
   969 | D        | Noticed an orc knight
   972 | D        | Reached skill level 14 in Unarmed Combat
   972 | D        | Received a gift from Trog
   976 | D        | HP: 4/115 [deep elf zephyrmancer/bolt of lightning (30)]
   976 | D        | Killed a deep elf zephyrmancer
   984 | D        | Killed an orc knight
   988 | D        | Received a gift from Trog
  1005 | D        | Noticed Harold
  1011 | D        | Noticed a smoke demon
  1016 | D        | Killed Harold
  1016 | D        | Killed a smoke demon
  1017 | D        | Reached XP level 11. HP: 44/124 MP: 10/10
  1032 | D        | Reached skill level 15 in Unarmed Combat
  1033 | D        | Received a gift from Trog
  1034 | D        | Noticed a centaur warrior
  1044 | D        | Killed a centaur warrior
  1280 | D        | Reached skill level 10 in Armour
  1293 | D        | Identified the +3 quarterstaff of Oxali {heavy, rF+ Str+4
                  | Dex+2} (Trog gifted it to you in the Dungeon)
  1293 | D        | Received a gift from Trog
  1377 | D        | Noticed a vampire knight
  1384 | D        | Paralysed by a vampire knight for 3 turns
  1386 | D        | Slain by a vampire knight

Illustrated notes

Levels and vault maps discovered:
D:        pitsprint [storerooms_1, entrance_room_1, metal_vault_3, armoury_1,
          mini_pit_1, grid_room_1, main_hall_1, silver_pit, the_coven_3,
          the_vestibule_1, steel_vault_4, golden_pit, hallway_of_sentries,
          crystal_vault_5, iron_vault_1, final_vault]

Skill      XL: |  1  2  3  4  5  6  7  8  9 10 11 |
---------------+----------------------------------+-----
Fighting       | 3 6 7 9 10 11 12 13 | 13.3
Dodging        | 3 6 7 8 10 11 12 13 | 13.2
Unarmed Combat | 7 9 10 12 13 14 15 | 15.6
Armour         | 1 5 7 9 10 | 10.3

Action                     |  1- 3 |  4- 6 |  7- 9 | 10-12 || total
---------------------------+-------+-------+-------+-------++-------
  Melee: Unarmed           |    43 |    20 |    88 |    64 ||   215
         Punch             |     1 |       |     3 |     4 ||     8
 Invoke: Berserk           |       |       |     2 |       ||     2
         Brothers in Arms  |       |       |     1 |     4 ||     5
  Evoke: Wand              |       |       |       |     3 ||     3
    Use: Scroll            |       |       |       |     1 ||     1
         Potion            |       |       |       |     2 ||     2
 Armour: Animal skin       |    29 |    16 |    45 |    31 ||   121
         Skin              |       |       |     4 |       ||     4
         Troll leather arm |       |       |       |    16 ||    16
  Dodge: Dodged            |    22 |     9 |    33 |    42 ||   106

Table legend: (Time is in decaauts)
 A = Elapsed time spent in this place.
 B = Non-inter-level travel time spent in this place.
 C = Inter-level travel time spent in this place.
 D = Time resting spent in this place.
 E = Time spent auto-exploring this place.
 F = Levels seen in this place.
 G = Mean time per level.
                   A        B        C        D        E       F      G
               +--------+--------+--------+--------+--------+-----+--------+
         Total |   1374 |   1374 |      0 |    543 |    169 |   1 | 1374.0 |
       Dungeon |   1374 |   1374 |      0 |    543 |    169 |   1 | 1374.0 |
               +--------+--------+--------+--------+--------+-----+--------+

Top non-repeatable levels by time:
       D: 1374 daAuts
